 Dungeon Crawl Stone Soup version 0.30.1-9-gdf580d7c3d (webtiles) character file.

Game seed: 14811882090110104218

1551 arthad the Changer (level 9, -8/70 HPs)
             Began as a Meteoran Wanderer on Sept 28, 2023.
             Was a Believer of Okawaru.
             Engulfed by a steam dragon's steam (13 damage)
             ... on level 6 of the Dungeon.
             The game lasted 00:15:01 (3518 turns).

arthad the Changer (Meteoran Wanderer)              Turns: 3518, Time: 00:15:01

Health: -8/70      AC: 12    Str: 15    XL:     9   Next: 34%
Magic:  16/16      EV: 12    Int: 17    God:    Okawaru [**....]
Gold:   240        SH:  0    Dex: 17    Spells: 5/16 levels left

rFire   . . .        e - +3 broad axe
rCold   . . .        (no shield)
rNeg    . . .        m - +4 ring mail "Laefier" {Dex+3}
rPois   .            (no helmet)
rElec   .            u - +0 cloak
rCorr   .            d - +1 pair of gloves
SInv    .            (no boots)
Will    +....        (no amulet)
Stlth   +            (no ring)
HPRegen 0.31/turn    (no ring)
MPRegen 0.15/turn

%: no passive effects
@: lethally poisoned (-8 -> -30), hasted, glowing, very quick
A: sense surroundings 2, otherworldly, glowing, explore regen
a: Renounce Religion, Heroism


You were on level 6 of the Dungeon.
You worshipped Okawaru.
Okawaru was pleased with you.
You visited 1 branch of the dungeon, and saw 6 of its levels.
You also visited: Sewer.

You collected 240 gold pieces.

Inventory:

Hand Weapons
 a - a +1 dagger
 e - a +3 broad axe (weapon)
Missiles
 z - 11 poisoned darts
Armour
 c - a +0 robe
 d - a +1 pair of gloves (worn)
 m - the +4 ring mail "Laefier" (worn) {Dex+3}
   (You found it on level 2 of the Dungeon)

   Dex:       It affects your dexterity (+3).
 u - a +0 cloak (worn)
Wands
 j - a wand of iceblast (12)
Scrolls
 b - a scroll of silence
 f - a scroll of enchant armour
 k - 2 scrolls of blinking
 l - a scroll of identify
 o - 2 scrolls of fog
 p - a scroll of fear
 r - a scroll of noise
 t - a scroll of teleportation
 y - a scroll of immolation
Potions
 g - a potion of flight {unknown}
 i - 2 potions of lignification
 n - 2 potions of degeneration {unknown}
 q - a potion of invisibility {unknown}
 s - 2 potions of haste
 v - 6 potions of brilliance
 w - 2 potions of mutation {unknown}
 x - a potion of resistance {unknown}


   Skills:
 * Level 3.4 Fighting
 * Level 3.2 Axes
 + Level 3.0 Armour
 + Level 3.4 Dodging
 + Level 3.2 Stealth
 * Level 4.3 Spellcasting
 + Level 2.9 Conjurations
 * Level 5.6 Transmutations
 * Level 3.3 Fire Magic
 * Level 4.8 Air Magic
 * Level 3.9 Poison Magic
 + Level 2.1 Invocations


You had 5 spell levels left.
You knew the following spells:

 Your Spells              Type           Power      Damage    Failure   Level
a - Beastly Appendage     Tmut           46%        N/A       2%          1
b - Poisonous Vapours     Pois/Air       36%        N/A       7%          2
c - Static Discharge      Conj/Air       34%        2-4/arc   9%          2
d - Ignite Poison         Fire/Tmut/Pois 18%        N/A       16%         3
e - Mephitic Cloud        Conj/Pois/Air  17%        N/A       17%         3

Your spell library contained the following spells:

 Spells                   Type           Power      Damage    Failure   Level
 Magic Dart               Conj           52%        1d5       9%          1
 Spider Form              Tmut/Pois      20%        N/A       12%         3
 Apportation              Tloc           6%         N/A       28%         1
 Necrotise                Necr           12%        1d4       28%         1
 Slow                     Hex            12%        N/A       28%         1
 Blade Hands              Tmut           11%        N/A       61%         5
 Confusing Touch          Hex            3%         N/A       65%         3
 Portal Projectile        Hex/Tloc       6%         N/A       65%         3
 Vampiric Draining        Necr           3%         2d6       65%         3
 Summon Small Mammal      Summ           Unusable   N/A       N/A         1
 Call Imp                 Summ           Unusable   N/A       N/A         2
 Tukima's Dance           Hex            Unusable   N/A       N/A         3

Dungeon Overview and Level Annotations

Branches:
Dungeon (6/15) Zot: 252    Temple (0/1) D:5           Sewer (visited)

Altars:
Cheibriados
Fedhas
Kikubaaqudgha
Nemelex Xobeh
Okawaru

Annotations:
D:5 1 runed translucent door, Ychaviel's ghost, weakling MiDe


Innate Abilities, Weirdness & Mutations

You passively map the area around you.
You are easily found by Zot.
You glow in the dark.
You regain HP and MP as you explore.


Message History

The steam dragon claws you but does no damage.
You barely miss the steam dragon.
The steam dragon is moderately wounded.
The steam dragon barely misses you.
The steam dragon claws you but does no damage.
The steam dragon bites you.
The steam dragon claws you but does no damage.
You closely miss the steam dragon.
The steam dragon is moderately wounded.
The steam dragon bites you but does no damage.
The steam dragon claws you but does no damage.
You slash the steam dragon!
The steam dragon is heavily wounded.
The steam dragon breathes steam at you. The ball of steam hits you.
* * * LOW HITPOINT WARNING * * *
The steam dragon bites you but does no damage.
The steam dragon misses you.
The steam dragon attacks as you move away!
The steam dragon barely misses you. The steam dragon closely misses you.
You hit the steam dragon.
The steam dragon is severely wounded.
The orc warrior hits you from afar with a +0 halberd.
* * * LOW HITPOINT WARNING * * *
The steam dragon bites you but does no damage.
The steam dragon misses you. The scorpion stings you.
* * * LOW HITPOINT WARNING * * *
You are poisoned.
The scorpion poisons you! The steam dragon breathes steam at you.
The ball of steam hits you!
* * * LOW HITPOINT WARNING * * *
The scorpion stings you.
* * * LOW HITPOINT WARNING * * *
You are more poisoned.
The scorpion poisons you!
It was a potion of haste.
You feel yourself speed up.
You are engulfed in a cloud of scalding steam.
You die...

##.....(.####.#
.#.##.##......#
.#.##.###.#######
.#.##...........###
.#.######.#####...#
.#..............#.#
.#.###.#.#.######'#####
............#..§.§....#
.#.###...#.##.8§@8..8.#
.#.......#..#.)sD.....#
.#........#.##†##o##'##
.#.....#..#.###§.#..*#
.....<...##.#* .##...#
.....#......# .#. #...#
.####.##.#####.*.. #..#
.., ..##.# # ##'*#+#
.## .#*,# * ..


You could see a steam dragon (catching breath), an orc warrior and a scorpion.

Vanquished Creatures
  A water moccasin (D:5)
  An orc warrior (D:6)
  An ice beast (D:5)
  2 black bears
  2 ogres (D:6)
  A centaur (D:6)
  A scorpion (D:6)
  2 howler monkeys (D:6)
  7 hounds
  2 jellies (Sewer)
  An orc priest (D:5)
  A sleepcap (D:6)
  4 iguanas
  An orc wizard (D:5)
  3 gnolls (D:3)
  9 adders
  A river rat (Sewer)
  A white imp (D:5)
  2 ufetubi (D:5)
  2 worms
  3 dart slugs
  3 orcs
  12 ball pythons
  19 endoplasms
  9 giant cockroaches
  2 goblins
  6 hobgoblins
  7 jackals
  3 quokkas
  4 bats
  6 frilled lizards
  7 kobolds
  9 rats
135 creatures vanquished.

Notes
Turn   | Place    | Note
-------+----------+-------------------------------------------
     0 | D:1      | arthad the Meteoran Wanderer began the quest for the Orb.
     0 | D:1      | arthad set off with the following items: a +0 dagger, a
                  | scroll of silence, a +0 robe, a +0 pair of gloves; and the
                  | following spell memorised: Beastly Appendage; and the
                  | following spells available to memorise: Poisonous Vapours,
                  | Static Discharge, Spider Form, Ignite Poison.
     0 | D:1      | Reached XP level 1. HP: 14/14 MP: 3/3
    73 | D:1      | Reached XP level 2. HP: 18/20 MP: 3/5
    85 | D:1      | Learned a level 2 spell: Poisonous Vapours
   500 | D:1      | Glimpsed the power of Zot.
   543 | D:2      | Reached XP level 3. HP: 27/27 MP: 4/6
   567 | D:2      | Identified the +4 ring mail "Laefier" {Dex+3}
   785 | D:2      | Reached skill level 1 in Conjurations
   785 | D:2      | Reached XP level 4. HP: 34/34 MP: 5/8
   789 | D:2      | Learned a level 2 spell: Static Discharge
   864 | D:2      | Reached skill level 1 in Armour
   986 | D:2      | Reached skill level 1 in Fighting
  1001 | D:2      | Reached skill level 1 in Poison Magic
  1088 | D:3      | Reached skill level 4 in Transmutations
  1088 | D:3      | Reached XP level 5. HP: 29/40 MP: 9/9
  1716 | D:4      | Found a sparkling altar of Nemelex Xobeh.
  1717 | D:4      | Found an iron altar of Okawaru.
  1719 | D:4      | Found a snail-covered altar of Cheibriados.
  1739 | D:4      | Found a blossoming altar of Fedhas.
  1739 | D:4      | Found an ancient bone altar of Kikubaaqudgha.
  1744 | D:4      | Became a worshipper of Warmaster Okawaru
  1769 | D:4      | Reached XP level 6. HP: 43/47 MP: 10/10
  1981 | D:4      | Noticed a black bear
  1997 | D:4      | Killed a black bear
  1998 | D:4      | Reached XP level 7. HP: 53/53 MP: 1/12
  2290 | D:4      | Glimpsed the power of Zot.
  2320 | D:5      | Entered Level 5 of the Dungeon
  2328 | D:5      | Reached skill level 1 in Axes
  2359 | D:5      | Noticed a water moccasin
  2366 | D:5      | Killed a water moccasin
  2366 | D:5      | Reached * piety under Okawaru
  2367 | D:5      | Reached skill level 1 in Fire Magic
  2463 | D:5      | Found a runed translucent door.
  2468 | D:5      | Noticed Ychaviel's ghost (weakling MiDe)
  2507 | D:5      | Found a staircase to the Ecumenical Temple.
  2626 | D:5      | Reached skill level 1 in Invocations
  2626 | D:5      | Reached XP level 8. HP: 56/62 MP: 5/14
  2652 | D:5      | Reached ** piety under Okawaru
  2653 | D:5      | Reached skill level 5 in Transmutations
  2862 | D:5      | Glimpsed the power of Zot.
  2912 | D:5      | Glimpsed the power of Zot.
  3013 | D:6      | Found a glowing drain.
  3055 | Sewer    | Entered a sewer
  3135 | Sewer    | Learned a level 3 spell: Ignite Poison
  3139 | Sewer    | Learned a level 3 spell: Mephitic Cloud
  3197 | Sewer    | Found a shimmering altar of Xom.
  3476 | D:6      | Gained mutation: You passively map the area around you.
                  | [Meteoran growth]
  3476 | D:6      | Reached XP level 9. HP: 51/69 MP: 13/16
  3518 | D:6      | Engulfed by a steam dragon's steam

Illustrated notes

Levels and vault maps discovered:
D:1:      dpeg_arrival_simpleton_b, layout_basic
D:2:      layout_loops_ring
D:3:      layout_basic, kennysheep_generic_room_5
D:4:      layout_gridville, grunt_temple_overflow_open,
          chequers_serial_rivers_small_3
D:5:      layout_basic, minmay_temple_entry_grid, ebering_ghost_reflecting_pool
D:6:      minmay_chambers_of_threes, layout_basic,
          gammafunk_temple_overflow_claw, gup_sewer_entry_glass

Skill      XL: |  1  2  3  4  5  6  7  8  9 |
---------------+----------------------------+-----
Spellcasting   | 2 3 4 |  4.3
Conjurations   | 1 2 |  2.9
Armour         | 1 2 3 |  3.0
Fighting       | 1 2 3 |  3.4
Dodging        | 2 3 |  3.4
Poison Magic   | 1 2 3 |  3.9
Transmutations | 4 5 |  5.6
Air Magic      | 3 4 |  4.8
Axes           | 1 2 3 |  3.2
Fire Magic     | 1 2 3 |  3.3
Invocations    | 1 2 |  2.1
Stealth        | 3 |  3.2

Action                     |  1- 3 |  4- 6 |  7- 9 || total
---------------------------+-------+-------+-------++-------
  Melee: Dagger            |    68 |   142 |       ||   210
         Kick              |    12 |    40 |    18 ||    70
         Headbutt          |    10 |    29 |    11 ||    50
         Punch             |     1 |     3 |     2 ||     6
         Broad axe         |       |       |   194 ||   194
   Cast: Beastly Appendage |    13 |    22 |     7 ||    42
         Poisonous Vapours |     3 |     5 |    11 ||    19
         Static Discharge  |       |       |     1 ||     1
 Invoke: Heroism           |       |       |     1 ||     1
    Use: Scroll            |       |    11 |     5 ||    16
         Potion            |       |       |     4 ||     4
   Stab: Sleeping          |     1 |       |     1 ||     2
 Armour: Robe              |     8 |       |       ||     8
         Ring mail         |    12 |    66 |   171 ||   249
  Dodge: Dodged            |    37 |    64 |   136 ||   237
